 Dungeon Crawl Stone Soup version 0.19.1 (webtiles) character file.

25649 Zarson the Grappler (level 12, -6/119 HPs)
             Began as a Troll Monk on Nov 28, 2016.
             Was the Champion of Cheibriados.
             Mangled by a freezing wraith (9 damage)
             ... in an ice cave.
             The game lasted 00:44:04 (15330 turns).

Zarson the Grappler (Troll Monk)                   Turns: 15330, Time: 00:44:04

Health: -6/119     AC:  6    Str: 41    XL:     12   Next: 91%
Magic:  17/17      EV: 18    Int: 21    God:    Cheibriados [******]
Gold:   1176       SH:  5    Dex: 29    Spells: 1 memorised, 14 levels left

rFire  . . .     SeeInvis .       - Unarmed
rCold  + + +     Gourm    +     Y - +1 robe {rC+}
rNeg   . . .     Faith    .     (no shield)
rPois  .         Spirit   .     (helmet restricted)
rElec  .         Reflect  +     (no cloak)
rCorr  .         Harm     .     (gloves unavailable)
MR     .....     Clarity  +     (boots unavailable)
Stlth  +++.......               k - +5 amulet of reflection
                                o - ring of protection from cold
                                W - ring of protection from cold

@: slowed, very slow
A: unfitting armour, claws 3, agile 1, clarity, fast metabolism 3, gourmand,
regeneration 1, shaggy fur 1, tough skin 2
a: Bend Time, Temporal Distortion, Slouch, Step From Time, Renounce Religion


You were in an ice cave.
You worshipped Cheibriados.
Cheibriados was exalted by your worship.
You were not hungry.

You visited 3 branches of the dungeon, and saw 15 of its levels.
You also visited: Ossuary and Ice Cave.

You collected 1176 gold pieces.

Inventory:

Missiles
 u - 12 javelins (quivered)
 P - 2 large rocks
 U - 5 steel javelins
Armour
 S - a +4 troll leather armour
 Y - a +1 robe of cold resistance (worn)
Jewellery
 k - a +5 amulet of reflection (around neck)
 o - a ring of protection from cold (right claw)
 C - a +2 ring of protection
 Q - an uncursed ring of positive energy
 W - a ring of protection from cold (left claw)
Wands
 a - a wand of paralysis (20/24)
 h - a wand of flame (21/48)
 n - a wand of iceblast (3/15)
 t - a wand of slowing (30/48)
 w - a wand of flame (26/48)
 x - a wand of flame (18/48)
 y - a wand of digging (14/24)
 B - a wand of flame (40/48)
 M - a wand of iceblast (5/15)
 O - a wand of enslavement (15/24)
 R - a wand of acid (4/15)
 T - a wand of acid (11/15)
Scrolls
 e - 8 scrolls of remove curse
 f - a scroll of amnesia
 j - 2 scrolls of fog
 p - 3 scrolls of recharging
 s - 5 scrolls of teleportation
Potions
 c - 2 potions of curing
 d - 2 potions of flight
 g - a potion of ambrosia
 i - 2 potions of invisibility
 m - 7 potions of resistance
 v - a potion of magic
 z - 2 potions of brilliance
 A - a potion of mutation
 D - a potion of agility
 E - a potion of cancellation
 G - 2 potions of cure mutation
 H - 3 potions of haste {unknown}
 J - 2 potions of lignification {unknown}
 K - 2 potions of might {unknown}
Books
 l - a book of Changes

   Spells                             Type                      Level
   a - Beastly Appendage              Transmutation                1
   b - Sticks to Snakes               Transmutation                2
   c - Spider Form                    Transmutation/Poison         3
   d - Ice Form                       Ice/Transmutation            4
   e - Blade Hands                    Transmutation                5
 F - a book of Cantrips

   Spells                             Type                      Level
   a - Confusing Touch                Hexes                        1
   b - Animate Skeleton               Necromancy                   1
   c - Summon Small Mammal            Summoning                    1
   d - Apportation                    Translocation                1
 N - a book of Maledictions

   Spells                             Type                      Level
   a - Corona                         Hexes                        1
   b - Ensorcelled Hibernation        Hexes/Ice                    2
   c - Confuse                        Hexes                        3
   d - Tukima's Dance                 Hexes                        3
   e - Dazzling Spray                 Conjuration/Hexes            3
Miscellaneous
 L - a lamp of fire
Comestibles
 b - 8 bread rations
 q - 4 meat rations
 r - 4 beef jerkies
 I - 2 slices of pizza
 V - 6 fruits


   Skills:
 + Level 8.1 Fighting
 * Level 4.7 Armour
 + Level 8.2 Dodging
 - Level 1.0 Stealth
 * Level 13.3 Unarmed Combat
 + Level 4.2 Spellcasting
 + Level 4.9 Transmutations
 + Level 3.5 Invocations


You had 14 spell levels left.
You knew the following spells:

 Your Spells              Type           Power        Failure   Level  Hunger
a - Blade Hands           Tmut           ####......   41%         5    ######.


Dungeon Overview and Level Annotations

Branches:
Dungeon (11/15)            Temple (1/1) D:4            Lair (3/6) D:11
  Snake (0/4) Lair:3
  Swamp: Lair:2-4    Shoals: Lair:2-4       Orc: D:9-12

Altars:
Ashenzari
Cheibriados
Dithmenos
Elyvilon
Fedhas
Gozag
Hepliaklqana
Kikubaaqudgha
Makhleb
Nemelex Xobeh
Okawaru
Qazlal
Ru
Sif Muna
Trog
Uskayaw
Vehumet
Xom
Yredelemnul
Zin
The Shining One

Shops:
D:11 (


Innate Abilities, Weirdness & Mutations

You are too large for most types of armour.
You have claws for hands.
Your metabolism is lightning-fast.
You like to eat raw meat.
Your natural rate of healing is unusually fast.
You are covered in fur. (AC +1)
You have very tough skin. (AC +2)
You are agile. (Dex +2)
You possess an exceptional clarity of mind.


Message History

The freezing wraith drains your vigour!
You feel yourself slow down. You block the freezing wraith's attack.
The freezing wraith hits you but does no damage.
Unknown command.
The freezing wraith barely misses you.
The freezing wraith completely misses you.
The freezing wraith closely misses you. x2
You are too injured to fight recklessly!
You are too injured to fight recklessly!
You are too injured to fight recklessly!
You are too injured to fight recklessly!
You mangle the freezing wraith!!
You destroy the freezing wraith!
Cheibriados appreciates the change of pace.
The freezing wraith hits you!
* * * LOW HITPOINT WARNING * * *
The freezing wraith freezes you. You resist.
* * * LOW HITPOINT WARNING * * *
The freezing wraith hits you!
You die...
Z _. ...
ZZZW

#### ....Z #.5##
.....5#.5.##
#.ZZ.#.W# ##ZZ.#@.#
##.##..# #####
###..## ##...##
##..###### #.....#
#..## #..#
##..#..####..###((#
##...##..#
##..#...##
##...####.##
##......# ##...##
#..## #......##


You could see a freezing wraith and 2 white imps.

Vanquished Creatures
  The ghost of Crag the Fighter, a journeyman NaVM of Cheibriados (Lair:1)
  2 hydras
  Fannar (Lair:2)
  A centaur warrior (D:11)
  Urug (Lair:2)
  Sonja (Lair:1)
  An unseen horror (D:11)
  3 hill giants
  A cyclops (D:11)
  The ghost of sheala the Cudgeler, a novice OgFi of the Shining One (D:6)
  An ugly thing (D:11)
  A spiny frog (Lair:2)
  9 freezing wraiths (IceCv)
  4 komodo dragons
  5 trolls
  A two-headed ogre (D:11)
  8 blink frogs
  Prince Ribbit (D:9)
  6 hippogriffs
  3 yaks (Lair:1)
  2 wyverns
  A wraith (D:8)
  A death yak simulacrum (IceCv)
  A hungry ghost (D:10)
  Menkaure (D:7)
  A soldier ant (D:11)
  6 water moccasins
  5 porcupines
  12 ice beasts
  5 orc warriors
  5 sky beasts
  3 necrophages
  A black bear (D:8)
  4 ogres
  2 phantoms
  7 centaurs
  2 crocodiles
  2 big kobolds
  12 bullfrogs
  A gnoll sergeant (D:5)
  3 scorpions
  3 killer bees (D:9)
  11 wights (D:7)
  8 howler monkeys
  4 crimson imps
  2 quasits
  A bullfrog zombie (D:6)
  3 centaur skeletons
  5 hounds
  6 jellies
  8 orc priests
  2 bullfrog skeletons
  3 iguanas
  11 orc wizards
  10 worker ants
  A polar bear simulacrum (IceCv)
  2 wolf simulacra (IceCv)
  A big kobold zombie (Ossuary)
  9 mummies
  A hound skeleton (D:11)
  A hound zombie (D:7)
  A howler monkey skeleton (D:7)
  10 adders
  8 gnolls
  3 shadow imps
  9 white imps (IceCv)
  3 adder skeletons
  2 adder zombies (D:5)
  3 worms
  5 dart slugs
  8 leopard geckos
  49 orcs
  3 bats
  7 giant cockroaches
  A gnoll zombie (Ossuary)
  7 hobgoblins
  16 jackals
  16 kobolds
  4 ball pythons
  10 frilled lizards
  14 goblins
  A goblin zombie (D:8)
  A hobgoblin zombie (Ossuary)
  A jackal skeleton (D:7)
  3 kobold zombies
  A leopard gecko zombie (D:6)
  3 orc zombies (Ossuary)
  3 quokka zombies
  6 rats
419 creatures vanquished.

Notes
Turn   | Place    | Note
-------+----------+-------------------------------------------
     0 | D:1      | Zarson the Troll Monk began the quest for the Orb.
     0 | D:1      | Reached XP level 1. HP: 22/22 MP: 0/0
   317 | D:1      | Reached XP level 2. HP: 27/29 MP: 1/1
  1076 | D:2      | Reached XP level 3. HP: 36/36 MP: 2/2
  1583 | D:2      | Reached skill level 4 in Unarmed Combat
  1715 | D:2      | Reached XP level 4. HP: 44/44 MP: 3/3
  1888 | D:3      | Noticed an ice beast
  1915 | D:3      | Killed an ice beast
  1915 | D:3      | Reached XP level 5. HP: 26/53 MP: 4/4
  2138 | D:3      | Reached skill level 5 in Unarmed Combat
  2274 | D:3      | Reached XP level 6. HP: 58/61 MP: 5/5
  2990 | D:3      | Found a sparkling altar of Nemelex Xobeh.
  3306 | D:4      | Found a staircase to the Ecumenical Temple.
  3315 | Temple   | Entered the Ecumenical Temple
  3457 | Temple   | Became a worshipper of Cheibriados the Contemplative
  3457 | Temple   | Reached * piety under Cheibriados
  3457 | Temple   | Reached ** piety under Cheibriados
  3516 | D:4      | Noticed a sky beast
  3523 | D:4      | Killed a sky beast
  3523 | D:4      | Reached skill level 6 in Unarmed Combat
  3523 | D:4      | Reached XP level 7. HP: 64/70 MP: 6/6
  3757 | D:5      | Entered Level 5 of the Dungeon
  3818 | D:5      | Found an opulent altar of Gozag.
  4081 | D:5      | Reached skill level 7 in Unarmed Combat
  4154 | D:5      | Reached *** piety under Cheibriados
  4317 | D:5      | Reached XP level 8. HP: 72/79 MP: 7/7
  4763 | D:6      | Reached skill level 8 in Unarmed Combat
  4772 | D:6      | Reached skill level 5 in Fighting
  4790 | D:6      | Noticed sheala's ghost (novice OgFi)
  4814 | D:6      | Killed sheala's ghost
  4814 | D:6      | Reached skill level 5 in Dodging
  4902 | D:6      | Reached skill level 9 in Unarmed Combat
  4972 | D:6      | Reached XP level 9. HP: 88/88 MP: 8/8
  5199 | D:6      | Reached **** piety under Cheibriados
  5205 | D:6      | Found a radiant altar of Vehumet.
  5436 | D:6      | Gained mutation: You are agile. (Dex +2) [potion of beneficial mutation]
  5475 | D:7      | Noticed Menkaure
  5479 | D:7      | Killed Menkaure
  5524 | D:7      | Learned a level 5 spell: Blade Hands
  5622 | D:7      | Found a stormy altar of Qazlal.
  6106 | D:7      | Reached skill level 10 in Unarmed Combat
  6106 | D:7      | Reached skill level 1 in Transmutations
  6115 | D:7      | Reached ***** piety under Cheibriados
  6145 | D:7      | Reached skill level 1 in Spellcasting
  6408 | D:8      | Reached XP level 10. HP: 58/98 MP: 11/11
  6460 | D:8      | Found a sand-covered staircase.
  6482 | Ossuary  | Entered an ossuary
  6967 | D:8      | Found a burning altar of Makhleb.
  7156 | D:8      | Found an iron altar of Okawaru.
  7400 | D:8      | Reached skill level 11 in Unarmed Combat
  7953 | D:9      | Noticed Prince Ribbit
  7956 | D:9      | Killed Prince Ribbit
  8119 | D:9      | Reached ****** piety under Cheibriados
  8755 | D:10     | Entered Level 10 of the Dungeon
  9027 | D:10     | Noticed a hill giant
  9040 | D:10     | Killed a hill giant
  9241 | D:10     | Noticed a hill giant
  9245 | D:10     | Reached XP level 11. HP: 88/105 MP: 14/14
  9260 | D:10     | Killed a hill giant
 10143 | D:11     | Noticed a centaur warrior
 10151 | D:11     | Killed a centaur warrior
 10151 | D:11     | Reached skill level 12 in Unarmed Combat
 10391 | D:11     | Noticed a purple ugly thing
 10399 | D:11     | Killed a purple ugly thing
 10434 | D:11     | Found Bof Laxtal's Antique Weapon Emporium.
 10682 | D:11     | Killed an unseen horror
 10682 | D:11     | Reached skill level 1 in Armour
 10884 | D:11     | Noticed a hill giant
 10890 | D:11     | Killed a hill giant
 11125 | D:11     | Found a staircase to the Lair.
 11471 | Lair:1   | Entered Level 1 of the Lair of Beasts
 11506 | Lair:1   | Reached skill level 1 in Invocations
 11565 | Lair:1   | Noticed Sonja
 11567 | Lair:1   | Killed Sonja
 11648 | Lair:1   | Noticed Crag's ghost (journeyman NaVM)
 11677 | Lair:1   | Killed Crag's ghost
 11677 | Lair:1   | Reached XP level 12. HP: 43/118 MP: 16/16
 12640 | Lair:2   | Noticed an eight-headed hydra
 12651 | Lair:2   | Killed a 12-headed hydra
 13153 | Lair:2   | Noticed Urug
 13166 | Lair:2   | Killed Urug
 13533 | Lair:2   | Noticed Fannar
 13542 | Lair:2   | Killed Fannar
 13542 | Lair:2   | Reached skill level 13 in Unarmed Combat
 14135 | Lair:3   | Gained mutation: You possess an exceptional clarity of mind. [potion of beneficial mutation]
 14196 | Lair:3   | Noticed a six-headed hydra
 14209 | Lair:3   | Killed an 11-headed hydra
 14314 | Lair:3   | Found a staircase to the Snake Pit.
 14319 | Lair:3   | Found a frozen archway.
 14332 | IceCv    | Entered an ice cave
 15302 | IceCv    | Found an ancient bone altar of Kikubaaqudgha.
 15330 | IceCv    | HP: 3/119 [freezing wraith (4)]
 15330 | IceCv    | Mangled by a freezing wraith

Skill      XL: |  1  2  3  4  5  6  7  8  9 10 11 12 |
---------------+-------------------------------------+-----
Unarmed Combat | 4 5 6 7 9 10 11 12 13 | 13.3
Dodging        | 3 4 5 6 7 8 |  8.2
Fighting       | 3 4 5 6 7 8 |  8.1
Transmutations | 1 3 4 |  4.9
Spellcasting   | 1 2 3 4 |  4.2
Armour         | 3 4 |  4.7
Invocations    | 1 3 |  3.5
Stealth        | |  1.0

Action                   |  1- 3 |  4- 6 |  7- 9 | 10-12 || total
-------------------------+-------+-------+-------+-------++-------
Melee: Unarmed           |    81 |   169 |   259 |   543 ||  1052
       Punch             |     2 |     2 |     7 |    48 ||    59
Throw: Javelin           |       |       |       |     2 ||     2
Invok: Step From Time    |       |       |       |     1 ||     1
       Bend Time         |       |       |       |     1 ||     1
       Slouch            |       |       |       |     1 ||     1
Evoke: Wand              |       |       |       |     2 ||     2
  Use: Scroll            |       |     8 |     9 |    15 ||    32
       Potion            |       |       |     1 |    12 ||    13
 Stab: Sleeping          |       |     2 |     3 |    13 ||    18
       Invisible         |       |       |       |     4 ||     4
  Eat: Chunk             |    21 |    17 |    16 |    55 ||   109
Armor: Robe              |    25 |    40 |    44 |    63 ||   172
       Troll leather arm |       |       |       |    71 ||    71
       Skin              |       |       |       |     5 ||     5
Dodge: Dodged            |    37 |    69 |   158 |   534 ||   798
Block: Other             |     7 |    23 |    62 |   134 ||   226
       Reflection        |       |     1 |     4 |     6 ||    11
